 Dungeon Crawl Stone Soup version 0.30-a0-358-g0d69a1922f (webtiles) character file.

Game seed: 17452765978959882443

13333 RascalDebosk the Thaumaturge (level 12, 0/94 HPs)
             Began as a Djinni Venom Mage on Nov 8, 2022.
             Was a Follower of Ashenzari.
             Slain by a two-headed ogre
             ... wielding a +0 giant club
              (33 damage)
             ... on level 11 of the Dungeon.
             The game lasted 01:55:01 (11426 turns).

RascalDebosk the Thaumaturge (Djinni Venom Mage)   Turns: 11426, Time: 01:55:02

Health: 0/94       AC: 13    Str:  7    XL:     12   Next: 31%
Gold:   28         EV: 13    Int: 30    God:    Ashenzari [*.....] SH:  0 Dex: 15

rFire   + + .      SeeInvis +    E - +6 shillelagh "Devastator" {shatter, Fort, Self} (curse)
rCold   x . .      Faith    .    (no shield)
rNeg    . . .      Spirit   .    d - +2 troll leather armour
rPois   ∞          Reflect  .    p - +2 helmet of Supernal Knowledge {Int+3, Self, Cun} (curse)
rElec   .          Harm     .    i - +0 cloak
rCorr   .          Rampage  .    l - +1 pair of gloves
Will    +....                    (boots unavailable)
Stlth   ++........               (no amulet)
HPRegen 1.15/turn                o - ring of see invisible
MPRegen 0.00/turn                A - +6 ring of intelligence

@: immotile, flying
A: sickness immunity, fire resistance 2, cold vulnerability 1, float, innate
caster, HP casting, extra vitality 1
a: Renounce Religion, Curse Item, Shatter the Chains


You were on level 11 of the Dungeon.
You worshipped Ashenzari.
Ashenzari was aware of your devotion.
You visited 2 branches of the dungeon, and saw 12 of its levels.
You also visited: Sewer.

You collected 601 gold pieces.
You spent 573 gold pieces at shops.

Inventory:

Hand Weapons
 D - a +0 dagger of electrocution
 E - the cursed +6 shillelagh "Devastator" (weapon) {shatter, Fort, Self}
   (You found it on level 6 of the Dungeon)

   It releases a powerful concussive burst when it strikes, dealing extra damage
   to the target and all other foes adjacent to them.
   It has a curse which improves the following skills: Fortitude: Armour and
   Shields.
   Introspection: Fighting and Spellcasting.
Armour
 d - a +2 troll leather armour (worn)
 h - a +2 scale mail of cold resistance
 i - a +0 cloak (worn)
 l - a +1 pair of gloves (worn)
 p - the cursed +2 helmet of Supernal Knowledge (worn) {Int+3, Self, Cun}
   (You bought it in a shop on level 1 of the Dungeon)

   It has a curse which improves the following skills: Introspection: Fighting
   and Spellcasting.
   Cunning:   Dodging and Stealth.
Magical Staves
 a - a staff of poison
 K - a staff of cold
Jewellery
 o - a ring of see invisible (left hand)
 v - a ring of willpower
 A - a +6 ring of intelligence (right hand)
Wands
 n - a wand of mindburst (20)
 s - a wand of paralysis (14)
 H - a wand of polymorph (1)
 I - a wand of iceblast (15)
Scrolls
 f - 6 scrolls of fog
 g - 2 scrolls of immolation
 m - 2 scrolls of fear
 r - 2 scrolls of brand weapon
 t - a scroll of teleportation
 w - a scroll of enchant weapon
 x - 2 scrolls of magic mapping
 y - a scroll of summoning
 B - a scroll of poison
 G - 4 scrolls of vulnerability
Potions
 b - 3 potions of brilliance
 c - 10 potions of curing
 e - 3 potions of might
 j - 5 potions of attraction
 k - a potion of ambrosia
 q - 2 potions of haste
 u - a potion of heal wounds
 z - 2 potions of mutation
 F - a potion of cancellation


   Skills:
 + Level 9.7(11.1) Fighting
 - Level 5.0(5.8) Armour
 - Level 4.1(5.0) Dodging
 - Level 1.5(2.2) Stealth
 * Level 11.4(12.6) Spellcasting
 - Level 5.0 Evocations


You had 12 spell levels left.
You knew the following spells:

 Your Spells              Type           Power      Damage    Failure   Level
a - Sting                 Tmut/Pois      100%       1d8       1%          1
b - Poisonous Vapours     Pois/Air       100%       N/A       1%          2
c - Mephitic Cloud        Conj/Pois/Air  76%        N/A       1%          3
d - Olgreb's Toxic Radia  Pois           76%        N/A       1%          4
e - Summon Small Mammal   Summ           100%       N/A       1%          1
f - Momentum Strike       Conj/Tloc      100%       3d10      1%          2
g - Confusing Touch       Hex            76%        N/A       1%          3
h - Passage of Golubria   Tloc           76%        N/A       1%          4
i - Summon Lightning Spi  Summ/Air       76%        N/A       1%          4
Your spell library was empty.

Dungeon Overview and Level Annotations

Branches:
Dungeon (11/15)            Temple (1/1) D:6             Orc (0/2) D:10
  Sewer (visited)
   Lair: D:8-11

Altars:
Ashenzari
Cheibriados
Dithmenos
Elyvilon
Fedhas
Gozag
Hepliaklqana
Makhleb
Nemelex Xobeh
Okawaru
Qazlal
Ru
Trog
Uskayaw
Wu Jian
Xom
Yredelemnul
Zin
The Shining One

Shops:
D:1 =*[(?   D:5 **   D:7 *   D:9 *


Innate Abilities, Weirdness & Mutations

You are immune to sickness and miasma.
You are immune to poison.
Your flesh is very heat resistant. (rF++)
You are vulnerable to cold. (rC-)
You float through the air rather than walking.
You learn spells naturally, not from books.
Your magical power is your life essence.
You have superior vitality. (+4 MHP)


Message History

The boulder beetle appears confused.
The boulder beetle wildly waves its antennae.
Casting: Mephitic Cloud (safe; 1% risk of failure)
Confirm with . or Enter, or press ? or * to list all spells.
Aiming: Poisonous Vapours (safe; 1% risk of failure)
Press: ? - help, Dir - move target, f/p - boulder beetle
Aim: a boulder beetle (noxious fumes, lightly wounded, confused, very poisoned) Poisonous vapours surround the boulder beetle!
The boulder beetle looks as sick as possible!
The boulder beetle is engulfed in noxious fumes.
A vampire comes into view.
The boulder beetle is engulfed in noxious fumes.
The boulder beetle appears confused.
You hit the boulder beetle but do no damage.
The boulder beetle is moderately wounded.
The boulder beetle is engulfed in noxious fumes.
The boulder beetle appears confused.
The boulder beetle is engulfed in noxious fumes.
The boulder beetle misses you. The vampire hits you.
The vampire bites you but does no damage.
You hit the boulder beetle but do no damage.
The boulder beetle is heavily wounded.
The boulder beetle is engulfed in noxious fumes.
The boulder beetle bites itself but does no damage.
The vampire hits you. The vampire bites you.
You completely miss the boulder beetle.
The boulder beetle is heavily wounded.
The vampire gestures wildly while chanting.
The vampire flickers and vanishes for a moment.
The boulder beetle is engulfed in noxious fumes.
The boulder beetle appears confused.
The boulder beetle closely misses you.
The boulder beetle bites itself!
You hit the boulder beetle.
The boulder beetle and the vampire shudder.
The boulder beetle is severely wounded.
The vampire is lightly damaged.
The boulder beetle is severely wounded.
The vampire hits you but does no damage.
The vampire misses you.
You hit the boulder beetle but do no damage.
The boulder beetle is almost dead.
The vampire hits you.
The vampire bites you but does no damage.
The boulder beetle is engulfed in noxious fumes.
The boulder beetle closely misses you.
The vampire hits you but does no damage.
The vampire bites you.
The boulder beetle is engulfed in noxious fumes.
The boulder beetle appears confused.
You hit the vampire.
The vampire shudders.
The vampire is severely damaged. x2
You kill the boulder beetle!
The vampire misses you. The vampire barely misses you.
A two-headed ogre comes into view. It is wielding two +0 giant clubs.
You barely miss the vampire.
The vampire is severely damaged.
The vampire closely misses you.
The vampire bites you but does no damage.
You closely miss the vampire.
The vampire is severely damaged.
The vampire gestures at you while chanting.
You are confused.
The two-headed ogre barely misses you. The two-headed ogre closely misses you.
The vampire hits you. The vampire barely misses you.
You bump into the stone wall.
The vampire completely misses you. The vampire barely misses you.
The two-headed ogre attacks as you move away!
The two-headed ogre hits you with a +0 giant club!!
The two-headed ogre misses you. The vampire hits you. The vampire bites you!
The vampire attacks as you move away!
The vampire hits you but does no damage.
The vampire bites you.
You sock the two-headed ogre!
The two-headed ogre and the vampire shudder.
The two-headed ogre is moderately wounded.
The vampire is almost destroyed.
The two-headed ogre is moderately wounded.
The vampire hits you. The vampire bites you. The two-headed ogre misses you.
The two-headed ogre closely misses you.
You sock the vampire!
The two-headed ogre shudders.
The two-headed ogre is moderately wounded.
You destroy the vampire!
You feel less confused.
A cyan ugly thing comes into view.
The two-headed ogre hits you with a +0 giant club!!
* * * LOW HITPOINT WARNING * * *
The two-headed ogre hits you but does no damage.
The cyan ugly thing moves out of view.
Casting: Poisonous Vapours (safe; 1% risk of failure)
Confirm with . or Enter, or press ? or * to list all spells.
Aiming: Momentum Strike (safe; 1% risk of failure)
Press: ? - help, Dir - move target, f - two-headed ogre
Aim: a two-headed ogre, wielding two +0 giant clubs (moderately wounded, 89% to hit)
The concentrated momentum hits the two-headed ogre!!
You are unable to move.
* * * LOW HITPOINT WARNING * * *
You hit the two-headed ogre but do no damage.
The two-headed ogre is severely wounded.
The two-headed ogre hits you with a +0 giant club!!
You die...

#.##.....##.#
#...........#
#.##.....##.#
#..#.....#..#
#..##.##..##
#..#.#..##
#.....##
###.### ##O@#
#...# #...##
#†..## #..##
###


You could see a two-headed ogre.

Vanquished Creatures
  2 boulder beetles
  2 two-headed ogres (D:11)
  Amaemon (D:8)
  Pikel (D:7)
  A wizard (D:10)
  An orange demon (D:8)
  Maggie (D:7)
  A komodo dragon (D:11)
  A kobold demonologist (D:11)
  An unseen horror (D:11)
  2 trolls
  Grinder (D:5)
  A wraith (D:9)
  4 wyverns
  10 yaks
  A vampire (D:11)
  2 steam dragons
  3 water moccasins
  2 ice beasts (D:8)
  A sky beast (D:5)
  2 orc warriors
  3 ogres
  A wolf (D:8)
  4 centaurs
  A lemure (D:7)
  A phantom (D:7)
  A necrophage (D:8)
  4 bullfrogs
  A gnoll sergeant (D:7)
  3 scorpions
  11 wights
  5 killer bees (D:8)
  5 howler monkeys
  An electric eel (D:7)
  A crimson imp (D:10)
  A wyvern simulacrum (D:8)
  Crazy Yiuf (D:6)
  A hound (D:5)
  5 orc priests
  2 jellies (D:5)
  4 iguanas
  Natasha (thrice) (D:4)
  8 orc wizards
  9 adders
  6 gnolls
  3 river rats (Sewer)
  A shadow imp (D:7)
  A white imp (D:8)
  3 worms
  4 dart slugs
  30 orcs
  17 ball pythons
  A bat (D:1)
  9 endoplasms
  A giant cockroach (D:1)
  3 hobgoblins
  4 jackals (D:2)
  3 quokkas
  5 frilled lizards
  11 goblins
  8 kobolds
  27 rats
254 creatures vanquished.

Vanquished Creatures (collateral kills)
  A two-headed ogre (D:10)
  A shadow (D:11)
  2 wraiths (D:11)
  A centaur (D:11)
  A necrophage (D:4)
  A hound skeleton (D:3)
  2 adder zombies (D:3)
  A jackal skeleton (D:3)
  A quokka skeleton (D:3)
11 creatures vanquished.

Vanquished Creatures (others)
  An iguana (D:5)
  A shadow imp (D:8)
  An ufetubus (D:5)
  An endoplasm (D:3)
  A bush (D:11)
  5 fungi (D:11)
  16 plants (D:11)
26 creatures vanquished.

Grand Total: 291 creatures vanquished

Notes
Turn   | Place    | Note
-------+----------+-------------------------------------------
     0 | D:1      | RascalDebosk the Djinni Venom Mage began the quest for the
                  | Orb.
     0 | D:1      | RascalDebosk set off with the following spells memorised:
                  | Sting, Poisonous Vapours, Mephitic Cloud, Olgreb's Toxic
                  | Radiance.
     0 | D:1      | Reached XP level 1. HP: 15/15 MP: 0/0
    54 | D:1      | Found Ucsa Deh's Weapon Shoppe.
    98 | D:1      | Found Iqenom's Armour Boutique.
   119 | D:1      | Reached XP level 2. HP: 21/21 MP: 0/0
   180 | D:1      | Found Teifiaw's Magic Scroll Shop.
   306 | D:1      | Reached skill level 3 in Spellcasting
   448 | D:1      | Found Emuuci Asunk's General Store.
   483 | D:1      | Found Isepaez's Jewellery Shop.
   490 | D:1      | Noticed a shining eye
   507 | D:1      | Found a faded altar of an unknown god.
   509 | D:1      | Noticed a great orb of eyes
   515 | D:1      | Noticed a golden eye
   519 | D:1      | Noticed an eye of devastation
   590 | D:1      | Reached XP level 3. HP: 23/25 MP: 0/0
   590 | D:1      | Learned a level 1 spell: Summon Small Mammal
  1182 | D:2      | Reached XP level 4. HP: 27/31 MP: 0/0
  1940 | D:3      | Reached skill level 4 in Spellcasting
  2012 | D:3      | Found a broken altar of Ashenzari.
  2017 | D:3      | Became a worshipper of Ashenzari the Shackled
  2235 | D:3      | Reached XP level 5. HP: 23/36 MP: 0/0
  2235 | D:3      | Learned a level 2 spell: Momentum Strike
  2464 | D:1      | Bought a +0 helmet of intelligence for 138 gold pieces
  2730 | D:3      | Reached skill level 1 in Fighting
  2811 | D:4      | Found an opulent altar of Gozag.
  2986 | D:4      | Found a glowing drain.
  3000 | Sewer    | Entered a sewer
  3108 | Sewer    | Reached XP level 6. HP: 40/42 MP: 0/0
  3334 | Sewer    | Reached skill level 5 in Spellcasting
  3339 | Sewer    | Reached XP level 7. HP: 18/49 MP: 0/0
  3339 | Sewer    | Learned a level 3 spell: Confusing Touch
  3653 | D:4      | Noticed Natasha
  3657 | D:4      | Killed Natasha
  3710 | D:4      | Noticed Natasha
  3714 | D:4      | Killed Natasha
  3867 | D:4      | Noticed Natasha
  3879 | D:4      | Killed Natasha
  4123 | D:5      | Entered Level 5 of the Dungeon
  4134 | D:5      | Reached skill level 6 in Spellcasting
  4134 | D:5      | Reached XP level 8. HP: 48/58 MP: 0/0
  4289 | D:1      | Bought a scroll of enchant armour for 75 gold pieces
  4576 | D:5      | Reached skill level 1 in Armour
  4578 | D:5      | Found Bouh's Assorted Antiques.
  5053 | D:5      | Found Omeol's Assorted Antiques.
  5069 | D:5      | Bought a scroll labelled TULEVV UPNICSU for 30 gold pieces
  5300 | D:5      | Noticed Grinder
  5308 | D:5      | Reached skill level 5 in Fighting
  5328 | D:5      | Killed Grinder
  5329 | D:5      | Reached skill level 7 in Spellcasting
  5329 | D:5      | Reached XP level 9. HP: 25/65 MP: 0/0
  5329 | D:5      | Learned a level 4 spell: Passage of Golubria
  5751 | D:6      | Found a staircase to the Ecumenical Temple.
  5882 | Temple   | Entered the Ecumenical Temple
  6343 | D:6      | Found the +6 shillelagh "Devastator" {shatter}
  6354 | D:6      | Found a runed translucent door.
  6355 | D:6      | Noticed Crazy Yiuf
  6364 | D:6      | Killed Crazy Yiuf
  6588 | D:7      | Found Yseosh's General Store.
  6625 | D:7      | Noticed a boulder beetle
  6629 | D:7      | Noticed Maggie
  6632 | D:7      | Killed a boulder beetle
  6633 | D:7      | Reached skill level 8 in Spellcasting
  6633 | D:7      | Reached XP level 10. HP: 26/73 MP: 0/0
  6633 | D:7      | Noticed Pikel
  6653 | D:7      | Killed Maggie
  6654 | D:7      | Reached skill level 5 in Armour
  7115 | D:7      | Found a hide-covered altar of Uskayaw.
  7247 | D:7      | Killed Pikel
  7248 | D:7      | Reached skill level 9 in Spellcasting
  7909 | D:8      | Reached * piety under Ashenzari
  8130 | D:8      | Noticed an orange demon
  8130 | D:8      | Noticed Amaemon
  8139 | D:8      | Killed Amaemon
  8139 | D:8      | Killed an orange demon
  8140 | D:8      | Reached skill level 1 in Evocations
  8391 | D:8      | Reached XP level 11. HP: 69/82 MP: 0/0
  8391 | D:8      | Learned a level 4 spell: Summon Lightning Spire
  8764 | D:9      | Found a hazy altar of Hepliaklqana.
  8764 | D:9      | Found a burning altar of Makhleb.
  8773 | D:9      | Reached skill level 10 in Spellcasting
  9188 | D:9      | Found Weggur's Overcharged Wands.
  9567 | D:10     | Entered Level 10 of the Dungeon
  9574 | D:10     | Reached ** piety under Ashenzari
  9598 | D:10     | Noticed a two-headed ogre
  9604 | D:10     | Killed a two-headed ogre
  9655 | D:10     | Found a basalt altar of Yredelemnul.
  9692 | D:10     | Found a staircase to the Orcish Mines.
  9771 | D:10     | Found a sparkling altar of Nemelex Xobeh.
 10187 | D:10     | Noticed a wizard
 10198 | D:10     | Killed a wizard
 10314 | D:11     | Noticed a two-headed ogre
 10324 | D:11     | Killed a two-headed ogre
 10575 | D:1      | Bought a scroll of enchant armour for 105 gold pieces
 10714 | D:5      | Bought a scroll of enchant armour for 225 gold pieces
 11045 | D:11     | Reached skill level 5 in Evocations
 11140 | D:11     | Reached XP level 12. HP: 88/92 MP: 0/0
 11147 | D:11     | Noticed a two-headed ogre
 11155 | D:11     | Killed a two-headed ogre
 11156 | D:11     | Reached skill level 11 in Spellcasting
 11406 | D:11     | Noticed a boulder beetle
 11417 | D:11     | Killed a boulder beetle
 11417 | D:11     | Noticed a two-headed ogre
 11426 | D:11     | Slain by a two-headed ogre

Illustrated notes

Levels and vault maps discovered:
D:1:      minmay_arrival_four_loops, layout_basic, serial_shops, shop, shop,
          nicolae_shop_stone, nicolae_shop_temple_entry_statues_fountains,
          nicolae_shop_stone, hellmonk_ecumenical_altar_watching_god
D:2:      layout_rooms
D:3:      layout_basic, marbit_many_paths, serial_undead, serial_undead_e,
          serial_undead_e, serial_undead_e, serial_undead_d
D:4:      layout_rooms, grunt_gozag_breadcrumbs, cheibrodos_sewer_entry_bend,
          uniq_natasha
D:5:      layout_basic, serial_shops, nicolae_shop_trees,
          kennysheep_small_circle, uniq_grinder
D:6:      layout_cave_pools, minmay_temple_entry_offerings,
          uniq_crazy_yiuf_cottage
D:7:      layout_cave_pods, nicolae_overflow_crystal_walls, serial_shops,
          kennysheep_mini_moat, minivault_4, minmay_chambers_of_fives,
          uniq_pikel, uniq_maggie
D:8:      layout_rooms, serial_ice, serial_ice_h, serial_ice_b, serial_ice_d,
          serial_ice_f, hangedman_decor_points, uniq_amaemon
D:9:      layout_basic, gammafunk_temple_overflow_claw,
          nicolae_shop_overcharged_wands
D:10:     minmay_klotski, layout_irregular_city,
          nemelex_xobeh_ov_fountains_minmay, mainiacjoe_overflow_brackets,
          lightli_wizard_tower
D:11:     minmay_the_grid_octo_tiled_octocenter [minmay_the_grid_octo_horde,
          minmay_the_grid_octo_checkered, minmay_the_grid_octo_shrine,
          minmay_the_grid_octo_tetromino_candy,
          minmay_the_grid_octo_prize_square_snowflake,
          minmay_the_grid_square_5x5_slash, minmay_the_grid_square_5x5_shuriken,
          minmay_the_grid_square_5x5_tie, minmay_the_grid_square_5x5_corner],
          layout_basic, minmay_lair_entry_grove, grunt_decor_fettered,
          hive_lemuel
Temple:   nicolae_temple_two_arcs

Skill      XL: |  1  2  3  4  5  6  7  8  9 10 11 12 |
---------------+-------------------------------------+-----
Spellcasting   | 3 4 5 6 7 8 9 10 11 | 11.4
Fighting       | 1 2 3 5 6 7 9 |  9.7
Armour         | 2 4 5 |  5.0
Dodging        | 3 4 |  4.1
Evocations     | 2 5 |  5.0
Stealth        | |  1.5

Action                   |  1- 3 |  4- 6 |  7- 9 | 10-12 || total
-------------------------+-------+-------+-------+-------++-------
Melee: Dagger            |     1 |    38 |    11 |       ||    50
       Falchion          |       |       |    50 |       ||    50
       Shillelagh        |       |       |     8 |   116 ||   124
       Punch             |       |       |       |     1 ||     1
 Cast: Sting             |    41 |    22 |    45 |     7 ||   115
       Poisonous Vapours |    34 |    37 |    31 |    38 ||   140
       Mephitic Cloud    |     1 |     4 |     3 |     2 ||    10
       Summon Small Mamm |       |    14 |     1 |     6 ||    21
       Olgreb's Toxic Ra |       |    15 |    27 |    25 ||    67
       Momentum Strike   |       |     4 |     6 |     5 ||    15
       Passage of Golubr |       |       |       |     2 ||     2
       Summon Lightning  |       |       |       |     7 ||     7
Invok: Curse Item        |       |       |     1 |     2 ||     3
       Shatter the Chain |       |       |       |     1 ||     1
  Use: Scroll            |       |       |    11 |     3 ||    14
 Stab: Sleeping          |       |     2 |     1 |       ||     3
Armor: Robe              |     2 |     9 |    46 |    36 ||    93
       Scale mail        |       |       |       |    27 ||    27
       Troll leather arm |       |       |       |     7 ||     7
Dodge: Dodged            |     7 |    38 |    59 |   108 ||   212

Table legend: (Time is in decaauts)
 A = Elapsed time spent in this place.
 B = Non-inter-level travel time spent in this place.
 C = Inter-level travel time spent in this place.
 D = Time resting spent in this place.
 E = Time spent auto-exploring this place.
 F = Levels seen in this place.
 G = Mean time per level.
                   A        B        C        D        E       F      G
               +--------+--------+--------+--------+--------+-----+--------+
         Total |  11504 |  10456 |   1048 |   1668 |   6306 |  13 |  884.9 |
       Dungeon |  10825 |   9787 |   1038 |   1419 |   6070 |  11 |  984.1 |
        Temple |    187 |    177 |     10 |      0 |    169 |   1 |  187.0 |
         Sewer |    490 |    490 |      0 |    249 |     67 |   1 |  490.0 |
               +--------+--------+--------+--------+--------+-----+--------+

Top non-repeatable levels by time:
     D:5: 1642 daAuts
     D:3: 1158 daAuts
     D:7: 1128 daAuts
     D:9: 1067 daAuts
     D:1: 1040 daAuts
     D:4: 950 daAuts
     D:2: 862 daAuts
     D:8: 821 daAuts
    D:10: 774 daAuts
     D:6: 731 daAuts
    D:11: 648 daAuts
   Sewer: 490 daAuts
  Temple: 187 daAuts
